 Dungeon Crawl Stone Soup version 0.18-b1-10-g3f7de93 (webtiles) character file.

140 RudyRod the Firebug (level 5, -11/36 HPs)
             Began as a Demonspawn Fire Elementalist on Apr 29, 2016.
             Shot with an arrow by a centaur (17 damage)
             ... on level 3 of the Dungeon.
             The game lasted 00:25:25 (3547 turns).

RudyRod the Firebug (Demonspawn Fire Elementalist)  Turns: 3547, Time: 00:25:25

Health: -11/36     AC:  4    Str: 12    XL:     5   Next: 2%
Magic:  1/9        EV: 12    Int: 17    God:
Gold:   165        SH:  0    Dex: 13    Spells: 2 memorised, 7 levels left

rFire  . . .     SeeInvis .     e - +1 short sword (speed)
rCold  . . .     Gourm    .     a - +0 robe
rNeg   . . .     Faith    .     (no shield)
rPois  +         Spirit   .     f - +0 helmet
rElec  .         Dismiss  .     (no cloak)
rCorr  .         Reflect  .     (no gloves)
SustAt .         Harm     .     (boots unavailable)
MR     .....                    (no amulet)
Stlth  ++........               g - ring of poison resistance
                                d - +3 ring of strength

@: not resistant to hostile enchantments, unstealthy
A: talons 3, molten scales 1
a: no special abilities


You were on level 3 of the Dungeon.
You were not hungry.

You visited 1 branch of the dungeon, and saw 3 of its levels.

You collected 165 gold pieces.

Inventory:

Hand Weapons
 e - a +1 short sword of speed (weapon)
 l - a cursed -2 dagger
Armour
 a - a +0 robe (worn)
 f - a +0 helmet (worn)
Jewellery
 d - a +3 ring of strength (left hand)
 g - a ring of poison resistance (right hand)
 h - an uncursed ring of see invisible
Scrolls
 i - 5 scrolls of identify {unknown}
 k - a scroll of immolation {unknown}
 q - 4 scrolls of remove curse {unknown}
 r - a scroll of enchant armour {unknown}
 t - a scroll of noise {unknown}
 u - a scroll of blinking {unknown}
Potions
 j - a potion of haste {unknown}
 m - a potion of degeneration {unknown}
 n - a potion of mutation {unknown}
 o - a potion of curing {unknown}
Books
 b - a book of Flames

   Spells                             Type                      Level
   a - Flame Tongue                   Conjuration/Fire             1
   b - Throw Flame                    Conjuration/Fire             2
   c - Conjure Flame                  Conjuration/Fire             3
   d - Inner Flame                    Hexes/Fire                   3
   e - Sticky Flame                   Conjuration/Fire             4
   f - Fireball                       Conjuration/Fire             5
Comestibles
 c - 3 bread rations
 p - 4 fruits
 s - 5 chunks of flesh
 v - a slice of pizza


   Skills:
 + Level 0.6 Fighting
 + Level 2.2 Dodging
 + Level 2.1 Stealth
 + Level 3.0 Spellcasting
 + Level 2.1 Conjurations
 + Level 3.6 Fire Magic


You had 7 spell levels left.
You knew the following spells:

 Your Spells              Type           Power        Failure   Level  Hunger
a - Flame Tongue          Conj/Fire      ##...        6%          1    None
b - Throw Flame           Conj/Fire      ##....       10%         2    ##.....


Dungeon Overview and Level Annotations

Branches:
Dungeon (3/15)

Altars:
Qazlal
Ru


Innate Abilities, Weirdness & Mutations

You have claws for feet.
You are partially covered in molten scales (AC +1).


Message History

The plant appears unharmed.
The centaur misses you. The centaur barely misses you.
Casting: Throw Flame
Confirm with . or Enter, or press ? or * to list all spells.
Aiming: Flame Tongue
Press: ? - help, Shift-Dir - straight line, f/p - centaur
Aim: a centaur (severely wounded)
The flame tongue hits the centaur.
The centaur appears unharmed.
The centaur is severely wounded.
The centaur closely misses you.
The centaur wields a shortbow.
The centaur shoots an arrow.
The arrow misses you.
The centaur shoots an arrow.
The arrow misses you.
The centaur shoots an arrow.
The arrow hits you!
* * * LOW HITPOINT WARNING * * *
You see here an arrow.
The centaur shoots an arrow.
The arrow hits you but does no damage.
You see here an arrow.
You open the door.
The centaur shoots an arrow.
The arrow hits you!
You die...

##.......######.###.####..
##......# #.# ### ###
##..###(# #.# ##...###.#
##+## ## #.....##.#
##...## #. #.....##.#
##.....## #.
#.....##.###.......## ##.
##..(..#÷##.........####..
##......@'.........(...)(
#......##.........####..
#.#.c#####.......## ##.
#.##.## ##...<.## #. #.
#..# ##...## #. #. ♣♣.#
##'## ## ♣..c# #.# ♣PPP♣##
#.# ♣♣P. ##.##


You could see a centaur.

Vanquished Creatures
  6 adders
  2 oozes
  2 worms
  2 giant geckos
  2 orcs (D:3)
  9 bats
  6 giant cockroaches
  3 goblins
  6 hobgoblins
  3 jackals (D:1)
  10 kobolds
  5 quokkas
  3 giant newts
  7 rats
66 creatures vanquished.

Notes
Turn   | Place    | Note
--------------------------------------------------------------
     0 | D:1      | RudyRod the Demonspawn Fire Elementalist began the quest for the Orb.
     0 | D:1      | Reached XP level 1. HP: 13/13 MP: 3/3
     6 | D:1      | Noticed a swamp drake
     6 | D:1      | Noticed a wolf
     6 | D:1      | Noticed a killer bee
     6 | D:1      | Noticed a lindwurm
     6 | D:1      | Noticed a black mamba
   502 | D:1      | Gained mutation: You have sharp toenails. [demonic ancestry]
   502 | D:1      | Reached XP level 2. HP: 19/19 MP: 1/5
  1120 | D:2      | Gained mutation: You have razor-sharp toenails. [demonic ancestry]
  1120 | D:2      | Reached XP level 3. HP: 25/25 MP: 4/6
  1436 | D:2      | Learned a level 2 spell: Throw Flame
  1450 | D:2      | Found a sacrificial altar of Ru.
  1460 | D:2      | Found a stormy altar of Qazlal.
  2165 | D:2      | Gained mutation: You have claws for feet. [demonic ancestry]
  2165 | D:2      | Reached XP level 4. HP: 31/31 MP: 3/8
  3447 | D:3      | Gained mutation: You are partially covered in molten scales (AC +1). [demonic ancestry]
  3447 | D:3      | Reached XP level 5. HP: 36/36 MP: 6/9
  3535 | D:3      | Noticed a centaur
  3547 | D:3      | Shot with an arrow by a centaur

Skill      XL: |  1  2  3  4 |
---------------+-------------+-----
Fire Magic     | 3 |  3.6
Dodging        | 2 |  2.2
Stealth        | 2 |  2.1
Conjurations   | 2 |  2.1
Spellcasting   | 3 |  3.0
Fighting       | |  0.6

Action                   |  1- 3 |  4- 6 || total
-------------------------+-------+-------++-------
Melee: Short sword       |    35 |    11 ||    46
       Kick              |     1 |     2 ||     3
 Cast: Flame Tongue      |    56 |    22 ||    78
       Throw Flame       |    12 |    36 ||    48
  Eat: Chunk             |     5 |     5 ||    10
       Fruit             |       |     1 ||     1
Armor: Robe              |    13 |     5 ||    18
Dodge: Dodged            |    40 |    14 ||    54
